[Event "Slow 90m+30s"]
[Site "?"]
[Date "2016.10.23"]
[Round "?"]
[White "Doe, John"]
[Black "Rated game"]
[Result "0-1"]
[ECO "B12"]
[WhiteElo "1546"]
[BlackElo "2100"]
[PlyCount "112"]
[TimeControl "5400+30"]

1. e4 c6 2. d4 d5 3. e5 Bf5 4. Nf3 e6 5. Nbd2 c5 6. c3 Nc6 7. Nb3 c4 8.
Nbd2 Nh6 9. b3 Qa5 10. Bb2 b5 11. Qc1 Be7 12. a4 bxa4 $2 (12... b4
$11) 13. Rxa4 $16 Qb5 14. Ba3 Bd3 15. Bxd3 cxd3 16. Bxe7 Nxe7 17. Qa3 Qb8 18. O-O Nhf5 19. Ra1 (19. g4 $1 $18 Nh6 20. h3 Qd8 21. Ne1 O-O 22. Nxd3 Ng6 23. Nf3 f5 24. Qd6 fxg4
25. Qxd8 Raxd8 26. Ng5 Rc8 27. Nxe6 Rf7 28. Nb4 Rxc3 29. Nxd5 Rxb3 30. Rc4 Rb8
31. Rfc1 Ne7 32. hxg4 Nxg4 33. Rc7 Re8 34. Ng5 Nxd5 35. Rxf7 h6 36. Rd7 Ndf6
37. Rxa7 hxg5 38. exf6 Nxf6 39. Rc5 Re4 40. Rxg5 Ne8 41. d5 Kf8 42. d6 Re1+ 43.
Kg2 Nxd6 44. Rgxg7 Re5 45. Rh7 Kg8 46. Rhe7 Rg5+ 47. Kf1 Kf8 48. Rh7 Kg8 49.
Rhd7 Ne8 50. Ra8 Re5 51. Rdd8 Kf7 52. Rxe8 Rb5) 19... Qc7 20.
Rxa7 (20. g4 $1 $18 Nh6 21. Rxa7 Rxa7 22. Qxa7 Qc8 23. Qa4+
Nc6 24. h3 f5 25. Qa6 O-O 26. g5 Nf7 27. Qxd3 Qb7 28. h4 Rc8 29. b4 Nfd8 30. g6
hxg6 31. Nb3 Ra8 32. Rxa8 Qxa8 33. Nc5 Qa1+ 34. Kg2 Kf8 35. Ng5 Ke7 36. b5 Na5
37. b6 Nc4 38. Nh3 g5 39. Nxg5 Nxb6 40. Qb5 Qa7 41. Ncxe6 Nxe6 42. Qb4+ Ke8 43.
Nxe6 Kf7 44. Qd6 Nc8 45. Ng5+ Ke8 46. Qg6+ Kd8 47. Ne6+ Kd7 48. Nxg7 Qb8 49.
Nxf5 Qb5 50. Qf7+ Kd8 51. Ng7 Qb6 52. Ne6+ Qxe6 53. Qxe6 Kc7 54. Qxc8+ Kxc8 55.
h5 Kb7 56. h6 Ka6 57. h7 Kb5 58. h8=Q) 20... Rxa7 21. Qxa7 Qxc3 22. Qb8+ Nc8 23. Qb5+ Kd8 24. Ra8 h6 $2 (24... h5 $16) 25. Qc5 $2 (25. g3 $1
$18 Qc2 26. Rb8 Re8 27. Kg2 Re7 28. g4 Nh4+ 29. Nxh4 Rc7 (29... Qxd2 $2 30.
Qb6+ Rc7 31. Qd6+ Ke8 (31... Rd7 32. Qf8+ Kc7 33. Qxc8#) 32. Qxc7 Qg5 33. Rxc8+
Qd8 34. Rxd8#) 30. Nhf3 g6 31. Qb4 Qc6 32. Ne1 Qe8 33. Nxd3 Qe7 34. Nc5 Ke8 35.
Qb5+ Kf8 36. Na6 Rc2 37. Nc5 Qc7 38. Rb7 Qd8 39. Qd3 Rxc5 40. dxc5 f5 41. exf6
Qxf6 42. Rb8 h5 43. Qa6 Kg7 44. Qxc8 Kh6 45. Qh8+ Qxh8 46. Rxh8+ Kg7 47. Rb8)
25... Qxc5 26. dxc5 h5 27.
Ng5 (27. b4) 27... Rf8 28. Ndf3 (28. b4) 28... Kd7 29. b4 Kc6 30. Rb8 $11 (30. h3 $16) (30. Kf1 $16) 30... d4 31. Nd2 (31. b5+ $1 Kc7 32. Ra8 Kb7 33. Ra3
Rd8 34. Nxf7 Rd5 35. Kf1 Nce7 36. Rxd3 Rxc5 37. Nd8+ Kc8 38. Nxe6 Rxb5 39.
Nfxd4 Rxe5 40. Nxf5 Rxe6 41. Nxg7 Rh6 42. Re3 Nd5 43. Re5 Nf6 44. h4 Rh7 45.
Ne6 Kb7 46. Nf4 Kb8 47. f3 Rh8 48. Kf2 Kc8 49. Ra5 Kb7 50. Rg5 Kc8 51. Ke3 Kd8
52. Ra5 Rh7 53. Ra8+ Ke7 54. Ra7+ Nd7 55. Ra5 Kd6 56. Rd5+ Kc6 57. Rxh5 Re7+
58. Kd4 Re8 59. Rh6+ Kb7 60. h5 Re1 61. Rh8 Rb1 62. h6 Rb4+ 63. Ke3 Rb6 64. g4
Ne5 65. g5 Rb3+ 66. Ke4 Nxf3 67. g6 Ra3 68. g7 Nd2+ 69. Kd5 Ra5+ 70. Ke6 Nb3
71. g8=Q $18) 31... Nfe7 32. Nge4 $16 (32.
b5+ $1 Kxc5 33. Nge4+ Kb4 34. b6 Nc6 35. Ra8 Rg8 36. f4 Kb5 37. Nd6+ Kxb6 38.
Rxc8 Rxc8 39. Nxc8+ $18) 32... Kc7 33. Ra8 Nc6 34. f4 $2 (34. b5 $18 Nxe5 35. f4 Nd7 36.
Nb3 Rd8 37. b6+ Kb7 38. Ra4) 34... Nxb4 $11 35. Nd6 (35. Nf3) 35... Nd5 36. g3 h4 37. N2e4 (37. Nf3) 37... Nc3 38. Nd2 hxg3 39. hxg3 f5 40. Kf1 g5 41. Ke1 $2 (41. fxg5 $1 $18 Rg8 42. Rxc8+ Rxc8 43. Nxc8 Kxc8 44. g6 Nd5
45. g7 Ne7 46. Ke1 Kd7 47. Nf3 Kc6 48. Nxd4+ Kxc5 49. Nxe6+ Kd5 50. Nf4+ Kc5 (
50... Kxe5 51. Ng6+ Nxg6 52. g8=Q) 51. Kd2 Kd4 52. Ng6 Ng8 53. e6 Nf6 54. e7
Ne4+ 55. Kd1 Nf2+ 56. Ke1 d2+ 57. Kxd2 Ne4+ 58. Kc2 Nf6 59. g8=Q Nxg8 60. e8=Q)
41... gxf4 $11 42. gxf4 Rh8 43. N2c4 $4 (43. Rxc8+ $11) (43. Kf1) (43. Kf2) (43. Nb3)
43... Ne4 $19 44. Nd2 Rh1+ 45. Nf1 Ncxd6 46. cxd6+ Kb7 47. Ra1 Kb8 48. Rd1 d2+ 49. Ke2 Nc3+ 50. Kxd2 Nxd1 51. Ng3 Rh3 52. Ne2 Nf2 53. Ke1 Nd3+ 54. Kd2 Nc5 55. Ng1 Ne4+ 56. Ke2 d3+ 0-1

[Event "Slow 90m+30s"]
[Site "?"]
[Date "2016.10.24"]
[Round "?"]
[White "Rated game"]
[Black "Doe, John"]
[Result "1-0"]
[ECO "D37"]
[WhiteElo "2100"]
[BlackElo "1544"]
[PlyCount "31"]
[TimeControl "5400+30"]

1. d4 d5 2. c4 e6 3. Nc3 Nf6 4. Nf3 Be7 5. Bf4 O-O 6. e3 Nbd7 7. c5 Nh5 8. Bd3 Nxf4 9. exf4 Nf6 10. Ne5 b6 11. Na4 Bb7 12. O-O Nd7 $4 (
12... bxc5 13. Nxc5 Bxc5 14. dxc5 a5 $11) 13. c6 $18 Nxe5 14. cxb7 Nxd3 15. bxa8=Q Qxa8 16. Qxd3 1-0

[Event "Slow 90m+30s"]
[Site "?"]
[Date "2016.10.24"]
[Round "?"]
[White "Doe, John"]
[Black "Rated game"]
[Result "0-1"]
[ECO "B07"]
[WhiteElo "1543"]
[BlackElo "2100"]
[PlyCount "40"]
[TimeControl "5400+30"]

1. e4 d6 2. d4 Nf6 3. Bd3 e5 4. c3 d5 5. Bg5 $11 (5. dxe5 $14) 5... dxe4 6. Bxe4 exd4 7. Ne2 (7. Nf3 $11) 7... Be7 8. Qd3 $2 (8. Bxf6 $11)
8... Nxe4 $17 9. Qxe4 f6 10.
Bf4 g5 11. Bd2 d3 12. Nd4 (12. Nc1) (12. Ng3) 12... Qd7 $17 (12... c5 $17) 13. O-O c5 14. Nf3 Qf5 15. Qe3 Nc6 16. Re1 g4 $17 (16... O-O $17) 17. Nh4 Qh5 18. g3 Ne5 19. f4 $4 (19. Qe4 $17 O-O 20. c4 Bd7 21. Qxb7 Qf7 22.
Qd5 Bc6 23. Qxf7+ Kxf7 24. Bc3 Nxc4 25. Nf5 Rfe8 26. Nxe7 Rxe7 27. Rxe7+ Kxe7
28. b3 Nd6 29. Nd2 Kf7 30. Re1 Rd8 31. Ba5 Rd7 32. Kf1 Bd5 33. Rc1 Nb7 34. Bc3
Re7 35. Nc4 Bxc4 36. bxc4 Rd7 37. Rd1 Ke6 38. Kg2 f5 39. Kf1 f4 40. gxf4 Kf5
41. Re1 Kxf4 42. Bd2+ Kf5 43. f3 Rd4 44. fxg4+ Rxg4 45. Re3 Nd6 46. Rxd3 Nxc4
47. Bc1 Rd4 48. Rc3 Rh4 49. Kf2 h5 50. Rf3+ Ke6 51. h3 Ne5 52. Ra3 Nc6 53. Rg3
Rc4 54. Be3 Nd4 55. Bxd4 cxd4 56. Rg7 Rc3 57. a4 Rxh3 58. Rxa7 h4 59. a5 Rh2+
60. Kf3 h3 61. Ra8 Kd5 62. Kg3 Rc2 63. Kxh3 Rc6 64. Kg3 Kc4 65. Kf2 Kc3 66. Rb8
d3 67. Rb6 Rc7 68. Ke1 Kc2 69. Rd6 Re7+ 70. Kf2 d2 71. Rc6+ Kb1 72. Rd6 Kc2 73.
Rc6+ Kd3 74. Rd6+ Kc2 $11) 19... gxf3 $19 20. Nxf3 $4 (20. Rf1) 20... Nxf3+ 0-1

[Event "Slow 90m+30s"]
[Site "?"]
[Date "2016.10.24"]
[Round "?"]
[White "Doe, John"]
[Black "Rated game"]
[Result "0-1"]
[ECO "B12"]
[WhiteElo "1540"]
[BlackElo "2100"]
[PlyCount "48"]
[TimeControl "5400+30"]

1. e4 c6 2. d4 d5 3. e5 c5 4. c3 Nc6 5. Nf3 Bg4 6. Be2 (6. dxc5 e6 7. Be3 (7. b4)) 6... e6 7. Be3 (7. O-O) (7. Nbd2) 7... Qb6 8. b3 $2 (8. Nbd2) 8... Bxf3 $15 9. Bxf3 cxd4 10. cxd4 Nh6 $2 (10... Nge7
$15) 11. O-O $2 (11. g4 $11) 11... Nf5 $17 12. Nc3 (12. Bg4 Nfxd4 13. h3 a6 14. Kh1 Bc5 15. Nc3 Qa5 16.
Na4 Ba7 17. Rc1 O-O 18. a3 Rac8 19. b4 Qd8 20. Kg1 Nb5 21. Bxa7 Ncxa7 22. Rxc8
Qxc8 23. f4 Nc6 24. f5 Nxe5 25. fxe6 fxe6 26. Rxf8+ Kxf8 27. Nc5 Nxg4 28. Qxg4
Nd6 29. Kf1 Nf5 30. Qf4 Ke7 31. g4 b6 32. Nxe6 Qc4+ 33. Qxc4 Ne3+ 34. Ke2 Nxc4
35. Nxg7 Nxa3 36. Kd2 Nb5 37. Nf5+ Ke6 38. Kc2 Ke5 39. Ne7 Ke4 40. g5 Nd4+ 41.
Kc1 Ne2+ 42. Kc2 d4 43. h4 $19) 12... Ncxd4 13. Na4 (13. Bxd4 Qxd4 14. Rc1 Qxd1 15. Rfxd1 Ba3 16. Rb1 Be7 17. Rbc1 O-O 18.
Ne2 Rfc8 19. Rxc8+ Rxc8 20. Rc1 Rc5 21. Bg4 Nd4 22. Rxc5 Bxc5 23. b4 Bb6 24.
Nxd4 Bxd4 25. g3 Bxe5 26. f4 Bc3 27. b5 Kf8 28. Bh5 Ke7 29. h4 Be1 30. Kg2 f6
31. Bg4 g6 32. h5 gxh5 33. Bxh5 e5 34. a4 Ke6 35. a5 e4 36. Bg4+ f5 37. Be2 d4
38. Bd1 $19) 13... Qb4 14. Bd2 $2 (14. Bxd4
Qxd4 15. Qe2 Qb4 16. Rfc1 Be7 17. Rc7 O-O 18. Bg4 Rac8 19. Rxc8 Rxc8 20. Bxf5
exf5 21. e6 Qe4 22. Qb5 b6 23. exf7+ Kxf7 24. Qd7 $19) 14... Nxf3+ $19 15. gxf3 Qb5 16. Rc1 Bb4 17. Nc3 Qa5 18. Rc2 (18. a3) (18. Nb1) 18... Nd4 19.
Rc1 Qa6 20. Be3 (20. Nxd5
Ne2+ 21. Kh1 exd5 22. Bxb4 Nxc1 23. Qxc1 Qd3 24. h3 Qf5 25. Kg2 Rc8 26. Qe3 $19
) 20... Nf5 $19 21. Bg5 $2 (21. a4) 21... Qa5 22. Qd2 $4 (22. Qd3 $19) 22... d4 $19 23. Rfd1 O-O 24. Qf4 Bxc3 0-1

[Event "Slow 90m+30s"]
[Site "?"]
[Date "2016.10.24"]
[Round "?"]
[White "Rated game"]
[Black "Doe, John"]
[Result "1-0"]
[ECO "A25"]
[WhiteElo "2100"]
[BlackElo "1539"]
[PlyCount "99"]
[TimeControl "5400+30"]

1. c4 e5 2. g3 Nc6 3. Bg2 g6 4. Nc3 Bg7 5. e3 d6 6. Nge2 f5 7. d3 Nf6 8. Rb1 O-O 9. O-O Be6 10. Nd5 Rb8 11. Re1 a5 12. Bd2 Bxd5 13. cxd5 Nb4 14. Qb3 e4 15. Nd4 Nxd3 16. Ne6 Qd7 $11 (16... Nc5 $11 17. Nxc5 dxc5 18. Bxa5 Qxd5 19. Bxc7
Rbc8 20. Bd6 Rfd8 21. Red1 c4 22. Qb6 Qf7 23. Bb4 Nd5 24. Qb5 Qd7 25. Qxd7 Rxd7
26. a4 Kf7 27. Bf1 Ke6 28. Be1 b6 29. a5 b5 30. h4 Ra7 31. Be2 Raa8 32. Kg2 b4
33. Rdc1 c3 34. bxc3 Bxc3 35. a6 Rc7 36. Kf1 Rac8 37. Rc2 Rc5 38. Bxc3 bxc3 39.
Rcc1 Ke5 40. Ke1 Kd6 41. Bf1 R8c7 42. Ra1 Rc8 $11) 17. Nxf8 Kxf8 18. Red1 a4 19. Qc4 Ng4 20. Qc2 Kg8 21. h3 Nge5 22. Bc3 Re8 23. Bxe5 Nxe5
24. b4 b5 25. Bf1 Re7 26. Rbc1 Bf6 27. Qe2 Nc4 28. Rc2 h5 29. h4 Rh7 30. Rdc1
Bd8 31. f3 g5 32. hxg5 exf3 33. Qxf3 Ne5 34. Qf2 h4 35. Be2 (35. gxh4 $2 Rxh4
36. g6 (36. Qxh4 $4 Nf3+) 36... Rh5 37. Rc3 Qe8 38. e4 fxe4 39. Bg2 Qxg6 40.
Rf1 Nf3+ 41. Rxf3 exf3 42. Qxf3 Be7 43. Qe2 Re5 44. Qxb5 Kg7 45. Qd7 Qg3 46.
Qh3 Qxh3 47. Bxh3 Re4 48. b5 Rb4 49. Rf3 Rxb5 50. Be6 Bd8 51. Ra3 Kf6 52. Rxa4
c6 53. Bd7 Rb1+ 54. Kf2 cxd5 55. Ra8 Bb6+ 56. Ke2 Ke5 57. Kd3 Rd1+ 58. Kc3 d4+
59. Kc2 Ra1 60. Re8+ Kd5 61. Be6+ Kc5 62. Rc8+ Kb4 63. Rb8 Kb5 64. Kd2 $11)
35... hxg3 36. Qxg3 Qe8 37. Kf2 Qg6 38. Kf1 Rh1+ 39. Kf2 Rh7 40. Ke1 Bxg5 41.
Kf1 Ng4 42. Bxg4 fxg4 43. Qxg4 Qd3+ 44. Kg2 Rg7 45. Qe6+ Kf8 46. Kf3 Rf7+ 47.
Kg2 Bxe3 48. Qc8+ Kg7 49. Qg4+ Kf8 50. Qc8+ $11 1-0

[Event "Slow 90m+30s"]
[Site "?"]
[Date "2016.10.24"]
[Round "?"]
[White "Rated game"]
[Black "Doe, John"]
[Result "1-0"]
[ECO "D64"]
[WhiteElo "2100"]
[BlackElo "1535"]
[PlyCount "51"]
[TimeControl "5400+30"]

1. d4 d5 2. Nf3 Nf6 3. c4 e6 4. Bg5 Be7 5. Nc3 h6 6. Bh4 O-O 7. e3 c6 8. Rc1 Nbd7 9. Qc2 b6 10. Qa4 Bb7 11. Bd3 dxc4 12. Qxc4 c5 13.
Bg3 Rc8 (13... Bxf3 14. gxf3 cxd4 15. Qxd4 e5
16. Bxe5 Nxe5 17. Qxe5 Qxd3 18. Qxe7 Rfe8 19. Qb4 Rad8 20. Rd1 Qf5 21. Rg1
Rxd1+ 22. Nxd1 Rd8 23. Qc4 Qxf3 24. Qe2 Qf5 25. f3 Nd7 26. Kf2 Ne5 27. Nc3 b5
28. Rd1 (28. Nxb5 $2 Nxf3 29. Rd1 (29. Qxf3 $4 Rd2+ 30. Ke1 Qxf3)) 28... Rxd1
29. Qxd1 b4 30. Nd5 Qh3 31. Nf4 (31. Nxb4 $2 Qxh2+ 32. Ke1 Qh4+) 31... Qxh2+
32. Ng2 h5 33. b3 Kh7 34. Qd4 a6 35. Qd8 a5 36. Qg5 g6 37. Qf6 Kg8 38. Qg5 Nd3+
39. Kf1 Kg7 40. Qd5 Qh1+ 41. Ke2 Qxg2+ 42. Kxd3 Qxa2 43. e4 Qa1 44. Kc4 h4 45.
Qg5 Qf6 46. Qg1 h3 47. Kc5 Qf4 48. Qa1+ Kh7 49. Kc6 h2 50. Qd1 Qh4 51. Qh1 Qf2
52. Kd6 Qg1 53. Qxg1 hxg1=Q $19) 14. Qa4 a6 (
14... cxd4 15. exd4 (15. Nxd4 $2 Nc5 16. Qd1 Nxd3+ 17. Qxd3 Ne4 18. Qe2 Nxc3
19. bxc3 Bxg2 20. Rg1 Qd5 21. Bf4 g6 22. Bxh6 Rfd8 23. Bf4 Bf6 24. f3 e5 25.
Bxe5 Bxe5 26. Qxg2 Bxd4 27. exd4 Rxc3 28. Rxc3 Qxd4 29. Rb3 Qa1+ 30. Kf2 Qxa2+
31. Kg3 Qxb3 32. Qe2 Qc3 $19)) (14... Bxf3) 15. Bxa6 Bxa6 $2 (15... Ra8 $17 16. Bxb7 Rxa4 17. Nxa4 cxd4 18. Nxd4 Bb4+ 19.
Ke2 Nc5 20. Bc6 Nxa4 21. Rc4 Bc5 22. Bxa4 Qd5 23. Rhc1 Bxd4 24. Rxd4 Qxa2 25.
Rc2 Nd5 26. Rcd2 Rc8 27. Bc2 g6 28. Bd3 Rc1 29. Be4 Nf6 30. Be5 Kg7 31. Bd3 g5
32. h4 Qa1 33. hxg5 Re1+ 34. Kf3 hxg5 35. Rg4 Qa5 36. Bc3 Qc5 37. Bc2 b5 38.
Bd4 Qe7 39. Rxg5+ Kh6 40. Rxb5 Qd7 41. Re5 Qc7 42. b3 Nh7 43. Bxh7 Kxh7 44. b4
Rb1 $11) 16. Qxa6 $14 Ra8 (16... cxd4 17.
exd4 Bb4 18. O-O Bxc3 19. bxc3 Ne4 20. Qd3 Nxg3 21. hxg3 Ra8 22. Rc2 Ra4 23.
Qb5 Ra5 24. Qe2 Qc7 25. c4 Rd8 26. Rd1 Rda8 27. Rdd2 Re8 28. d5 Nf6 29. d6 Qc8
30. Nd4 Rd8 31. Nb3 Ra6 32. Qe5 Qb8 33. g4 Ra8 34. Rd4 Ra4 35. Rcd2 Qc8 36. Qe2
Nd7 37. f4 Nf8 38. g3 Qa8 39. Kh2 Nd7 40. g5 hxg5 41. fxg5 g6 42. Rh4 Kg7 43.
Nd4 Ra7 44. Nb5 Ra4 45. Kg1 Rh8 $18) 17. Qc4 Nd5 $2 (17... Qc8) 18. Nxd5 $16 exd5 19.
Qxd5 Nf6 (19... cxd4 20. Nxd4 Nc5 21. Nc6
Nd3+ 22. Kd1 Nxc1 23. Nxd8 Rfxd8 24. Qxd8+ Bxd8 25. Kxc1 Rxa2 26. Kb1 Ra5 27.
Bd6 Rg5 28. g3 Rf5 29. Rc1 Kh7 30. f4 Rd5 31. Be5 Rd2 32. Rc2 Rd1+ 33. Ka2 Kg6
34. Rc8 f6 35. Bc3 Be7 36. e4 Kf7 37. Rc7 Ke8 38. Kb3 Rh1 39. Kc4 Rxh2 40. Kd5
Re2 41. e5 $18) 20. Qc4 Ne4 $2 (20... cxd4)
21. Be5 $18 Bf6 22. Bxf6 Qxf6 23. O-O h5 (23... cxd4
$18) 24. Rc2 $18 h4 (24... Rfd8) (24... Nd6)
25. dxc5 bxc5 $2 (25... Nxc5 $18) 26. Qxe4
$18 1-0